 Dungeon Crawl Stone Soup version 0.28.0-53-g5a82cb258f (webtiles) character file.

Game seed: 7324400832983259601

14 LynnLen the Sneak (level 2, -2/19 HPs)
             Began as a Vampire Enchanter on Aug 2, 2022.
             Killed from afar by a dart slug (4 damage)
             ... with a slug dart
             ... on level 1 of the Dungeon.
             The game lasted 00:01:42 (331 turns).

LynnLen the Sneak (Vampire Enchanter)                Turns: 331, Time: 00:01:42

Health: -2/19      AC:  2    Str:  7    XL:     2   Next: 31%
Magic:  5/5        EV: 12    Int: 17    God:
Gold:   0          SH:  0    Dex: 14    Spells: 5/5 levels left

rFire   . . .      SeeInvis +   a - +1 dagger
rCold   . . .      Faith    .   (no shield)
rNeg    . . .      Spirit   .   b - +0 robe
rPois   .          Reflect  .   (no helmet)
rElec   .          Harm     .   (no cloak)
rCorr   .          Rampage  .   (no gloves)
Will    .....                   (no boots)
Stlth   +++.......              (no amulet)
HPRegen 0.26/turn               (no ring)
MPRegen 0.09/turn               (no ring)

@: healing quickly
A: alive, fangs 3, see invisible, vampiric 1
a: Exsanguinate


You were on level 1 of the Dungeon.
You visited 1 branch of the dungeon, and saw 1 of its levels.

Inventory:

Hand Weapons
 a - a +1 dagger (weapon)
Missiles
 e - 37 stones (quivered)
Armour
 b - a +0 robe (worn)
Scrolls
 d - a scroll of holy word {unknown}
Potions
 c - a potion of invisibility


   Skills:
 * Level 1.6 Short Blades
 * Level 2.5 Dodging
 + Level 5.0 Stealth
 - Level 2.0 Spellcasting
 - Level 4.4 Hexes


You had 5 spell levels left.
You didn't know any spells.
Your spell library contained the following spells:

 Spells                   Type           Power      Damage    Failure   Level
 Confusing Touch          Hex            16%        N/A       10%         3
 Tukima's Dance           Hex            16%        N/A       10%         3
 Ensorcelled Hibernation  Hex/Ice        18%        N/A       12%         2
 Dazzling Flash           Conj/Hex       18%        N/A       24%         3


Dungeon Overview and Level Annotations

Branches:
Dungeon (1/15)

Altars:


Innate Abilities, Weirdness & Mutations

Your natural rate of healing is accelerated.
You have razor-sharp teeth.
You have supernaturally acute eyesight. (SInv)
You are afflicted with vampirism.


Message History

You hit the dart slug but do no damage.
The dart slug bites you but does no damage.
You hit the dart slug but do no damage. You hit the dart slug.
You bite the dart slug, but do no damage.
The dart slug is lightly wounded.
The dart slug closely misses you.
You completely miss the dart slug.
The dart slug is lightly wounded.
The dart slug barely misses you.
You hit the dart slug.
The dart slug is moderately wounded.
You barely miss the dart slug.
The dart slug is moderately wounded.
The dart slug closely misses you.
You hit the dart slug.
The dart slug is heavily wounded.
The dart slug bites you but does no damage.
You hit the dart slug.
The dart slug is severely wounded.
You hit the dart slug. You bite the dart slug.
You kill the dart slug!
The dart slug misses you.
Items here: ( )) ††.
Unknown command.
You hit the dart slug.
The dart slug is lightly wounded.
The dart slug bites you.
* * * LOW HITPOINT WARNING * * *
You hit the dart slug.
The dart slug is heavily wounded.
You hit the dart slug.
The dart slug is severely wounded.
The dart slug bites you.
* * * LOW HITPOINT WARNING * * *
You hit the dart slug but do no damage. You bite the dart slug.
The dart slug is almost dead.
The dart slug launches a dart at you. The slug dart hits you.
You die...

#.# #.# ## ... ... #.#
.$..###.# .. ......#.# #..
...>....# #.. ...##.#w#
###... #.#@# #.....#### #
#.## #....r... #..#
#.....#.########.# ##
.................## ##>###
#############.....###....###
# #.....##..⌠....#####
#.....#.....⌠....#.. ##
#####.....#..⌠....⌠.....


You could see a dart slug.

Vanquished Creatures
  A dart slug (D:1)
  3 endoplasms (D:1)
  A giant cockroach (D:1)
  A hobgoblin (D:1)
  A kobold (D:1)
  2 frilled lizards (D:1)
  2 goblins (D:1)
11 creatures vanquished.

Notes
Turn   | Place    | Note
-------+----------+-------------------------------------------
     0 | D:1      | LynnLen the Vampire Enchanter began the quest for the Orb.
     0 | D:1      | Reached XP level 1. HP: 13/13 MP: 3/3
   300 | D:1      | Reached XP level 2. HP: 19/19 MP: 5/5
   318 | D:1      | Reached skill level 5 in Stealth
   331 | D:1      | Killed from afar by a dart slug

Illustrated notes

Levels and vault maps discovered:
D:1:      dpeg_arrival_leaves_temple_mockup, layout_basic

Skill      XL: |  1  2 |
---------------+-------+-----
Stealth        | 5 |  5.0
Short Blades   | |  1.6
Dodging        | |  2.5
Spellcasting   | |  2.0
Hexes          | |  4.4

Action                   || total
-------------------------++-------
Melee: Dagger            ||    56
       Bite              ||     5
 Stab: Sleeping          ||     2
Armor: Robe              ||     7
Dodge: Dodged            ||    23
